 Dungeon Crawl Stone Soup version 0.30-a0-377-g5cb311bc9f (webtiles) character file.

Game seed: 11981444519594179629

251 lesbiats the Ruffian (level 5, -2/53 HPs)
             Began as a Troll Fighter on Nov 28, 2022.
             Slain by an iguana (12 damage)
             ... on level 3 of the Dungeon.
             The game lasted 00:05:17 (1869 turns).

lesbiats the Ruffian (Troll Fighter)                Turns: 1869, Time: 00:05:17

Health: -2/53      AC:  4    Str: 24    XL:     5   Next: 88%
Magic:  4/4        EV:  8    Int:  6    God:
Gold:   176        SH:  7    Dex:  9    Spells: 4/4 levels left

rFire   . . .      SeeInvis .      - Unarmed
rCold   . . .      Faith    .    b - +0 kite shield
rNeg    . . .      Spirit   .    a - +0 robe
rPois   .          Reflect  .    (helmet restricted)
rElec   .          Harm     .    (no cloak)
rCorr   .          Rampage  .    (gloves unavailable)
Will    .....                    (boots unavailable)
Stlth   +.........               (no amulet)
HPRegen 1.08/turn                l - ring of flight
MPRegen 0.09/turn                (no ring)

@: flying
A: large, unfitting armour, claws 3, regeneration 1, shaggy fur 1, tough skin 1
a: no special abilities


You were on level 3 of the Dungeon.
You visited 1 branch of the dungeon, and saw 4 of its levels.

You collected 176 gold pieces.

Inventory:

Missiles
 h - 5 poisoned darts (quivered)
Armour
 a - a +0 robe (worn)
 b - a +0 kite shield (worn)
Jewellery
 l - a ring of flight (left claw)
Scrolls
 d - a scroll of magic mapping {unknown}
 e - a scroll of poison {unknown}
 g - 5 scrolls of identify {unknown}
 i - 2 scrolls of enchant weapon {unknown}
Potions
 c - a potion of might
 f - a potion of curing
 j - a potion of brilliance {unknown}
 k - a potion of mutation {unknown}
 m - a potion of degeneration {unknown}


   Skills:
 + Level 3.4 Fighting
 - Level 2.4 Dodging
 + Level 3.8 Shields
 * Level 4.5 Unarmed Combat


You had 4 spell levels left.
You didn't know any spells.
Your spell library was empty.

Dungeon Overview and Level Annotations

Branches:
Dungeon (4/15)
 Temple: D:4-7

Altars:


Innate Abilities, Weirdness & Mutations

You are too large for most types of armour.
You have claws for hands.
Your natural rate of healing is unusually fast.
You are covered in fur. (AC +1)
You have tough skin. (AC +1)


Message History

You kill the goblin!
The iguana bites you.
You completely miss the iguana. The iguana bites you!
You are too injured to fight recklessly!
You are too injured to fight recklessly!
You are too injured to fight recklessly!
You scratch the iguana.
The iguana is lightly wounded.
The iguana bites you!
* * * LOW HITPOINT WARNING * * *
The iguana attacks as you move away! The iguana bites you.
* * * LOW HITPOINT WARNING * * *
Things that are here:
a +0 dagger; a goblin corpse The iguana attacks as you move away!
The iguana bites you.
* * * LOW HITPOINT WARNING * * *
Okay, then.
Okay, then.
You scratch the iguana.
The iguana is moderately wounded.
The iguana bites you but does no damage.
You scratch the iguana.
The iguana is heavily wounded.
The iguana bites you!
* * * LOW HITPOINT WARNING * * *
It was a potion of curing.
You feel better. The iguana closely misses you.
You scratch the iguana.
The iguana is almost dead.
The iguana bites you.
* * * LOW HITPOINT WARNING * * *
You scratch the iguana but do no damage.
The iguana is almost dead.
The iguana bites you but does no damage.
You barely miss the iguana.
The iguana is almost dead.
The iguana barely misses you.
You scratch the iguana.
The iguana is almost dead.
The iguana bites you!
You die...

########### #.......).#
####.#######.#
####............#
#......#.....#..#
###....#.#.###.#..######
#........#.....#..##....
#......@#####...).รท..###
###......l.#.....#..####
###.......#..#.##.>...#
##....#....#..#)...[...#
#....###......)>##....##
#.....#..##########.#.#
#.#......# #...##
#.#.##.### ##...#
####.#.##.# #.#.# ####


You could see an iguana.

Vanquished Creatures
  A phantom (D:3)
  2 orc priests (D:3)
  An orc wizard (D:3)
  A hound zombie (D:4)
  An adder (D:3)
  A white imp (D:3)
  An ufetubus (D:3)
  A worm (D:2)
  3 dart slugs
  3 orcs (D:3)
  2 bats
  An endoplasm (D:3)
  8 goblins
  3 hobgoblins
  6 jackals (D:3)
  4 kobolds
  2 quokkas (D:3)
  2 ball pythons
  5 rats
48 creatures vanquished.

Notes
Turn   | Place    | Note
-------+----------+-------------------------------------------
     0 | D:1      | lesbiats the Troll Fighter began the quest for the Orb.
     0 | D:1      | Reached XP level 1. HP: 22/22 MP: 0/0
   209 | D:1      | Reached XP level 2. HP: 29/29 MP: 1/1
  1074 | D:3      | Reached skill level 3 in Unarmed Combat
  1074 | D:3      | Reached XP level 3. HP: 36/36 MP: 2/2
  1083 | D:3      | Reached XP level 4. HP: 22/45 MP: 3/3
  1715 | D:4      | Noticed a phantom
  1715 | D:4      | Noticed a phantom
  1741 | D:3      | Killed a phantom
  1742 | D:3      | Reached skill level 4 in Unarmed Combat
  1742 | D:3      | Reached XP level 5. HP: 53/53 MP: 4/4
  1864 | D:3      | HP: 1/53 [iguana (7)]
  1869 | D:3      | Slain by an iguana

Illustrated notes

Levels and vault maps discovered:
D:1:      dpeg_arrival_boxes_within_box, layout_rooms
D:2:      layout_basic
D:3:      layout_loops_ring
D:4:      wad_river_or_something, layout_rooms, serial_undead, serial_undead_f,
          serial_undead_f, serial_undead_d, serial_undead_d

Skill      XL: |  1  2  3  4 |
---------------+-------------+-----
Shields        | 3 |  3.8
Unarmed Combat | 3 4 |  4.5
Fighting       | 3 |  3.4
Dodging        | |  2.4

Action                   |  1- 3 |  4- 6 || total
-------------------------+-------+-------++-------
Melee: Unarmed           |    53 |    98 ||   151
  Use: Potion            |       |     1 ||     1
 Stab: Sleeping          |       |     2 ||     2
Armor: Robe              |    17 |    52 ||    69
Dodge: Dodged            |     8 |    49 ||    57
Block: Kite shield       |    13 |    43 ||    56

Table legend: (Time is in decaauts)
 A = Elapsed time spent in this place.
 B = Non-inter-level travel time spent in this place.
 C = Inter-level travel time spent in this place.
 D = Time resting spent in this place.
 E = Time spent auto-exploring this place.
 F = Levels seen in this place.
 G = Mean time per level.
                   A        B        C        D        E       F      G
               +--------+--------+--------+--------+--------+-----+--------+
         Total |   1885 |   1791 |     94 |     28 |   1351 |   4 |  471.2 |
       Dungeon |   1885 |   1791 |     94 |     28 |   1351 |   4 |  471.2 |
               +--------+--------+--------+--------+--------+-----+--------+

Top non-repeatable levels by time:
     D:3: 820 daAuts
     D:2: 600 daAuts
     D:1: 414 daAuts
     D:4: 50 daAuts
